 Dungeon Sprint DCSS version 0.28-a0-258-g8de209e91f (webtiles) character file.

Game seed: 17011447560965196333

602 nicanaca0 the Grappler (level 7, -2/78 HPs)
             Began as a Troll Monk on Aug 26, 2021.
             Was an Initiate of Gozag.
             Slain by a two-headed ogre (23 damage)
             ... in the Dungeon (Sprint IX: "|||||||||||||||||||||||||||||").
             The game lasted 00:02:39 (201 turns).

nicanaca0 the Grappler (Troll Monk)                  Turns: 201, Time: 00:02:40

Health: -2/78      AC:  6    Str: 20    XL:     7   Next: 18%
Magic:  6/6        EV: 12    Int:  8    God:    Gozag
Gold:   612        SH:  0    Dex: 15    Spells: 6/6 levels left

rFire   . . .      SeeInvis .     - Unarmed
rCold   . . .      Faith    .   (no shield)
rNeg    . . .      Spirit   .   a - +0 robe
rPois   .          Reflect  .   (helmet restricted)
rElec   .          Harm     .   (no cloak)
rCorr   .          Rampage  .   (gloves unavailable)
Will    .....      NoTele   +   (boots unavailable)
Stlth   ++........              (no amulet)
HPRegen 1.23/turn               k - +2 ring of protection
MPRegen 0.10/turn               l - +3 ring of dexterity

@: very slightly contaminated, hasted and slowed, invisible
A: large, unfitting armour, claws 3, regeneration 1, shaggy fur 1, tough skin 1
a: Renounce Religion, Potion Petition, Call Merchant, Bribe Branch


You were in the Dungeon.
You worshipped Gozag.
Gozag was pleased with you.
You visited 1 branch You collected 612 gold pieces.

Inventory:

Hand Weapons
 m - a +2 dire flail of protection
Armour
 a - a +0 robe (worn)
Jewellery
 k - a +2 ring of protection (left claw)
 l - a +3 ring of dexterity (right claw)
Wands
 j - a wand of acid (10)
Scrolls
 g - 2 scrolls of blinking
 i - 2 scrolls of amnesia
Potions
 b - 5 potions of curing {@q1}
 c - 3 potions of heal wounds {@q2}
 e - 4 potions of magic
 f - a potion of berserk rage


   Skills:
 + Level 7.5 Fighting
 + Level 5.2 Dodging
 - Level 1.0 Stealth
 * Level 12.0 Unarmed Combat


You had 6 spell levels left.
You didn't know any spells.
Your spell library was empty.

Dungeon Overview and Level Annotations

Branches:
Dungeon (1/1)

Altars:
Cheibriados
Dithmenos
Elyvilon
Fedhas
Gozag
Hepliaklqana
Kikubaaqudgha
Makhleb
Nemelex Xobeh
Okawaru
Qazlal
Ru
Sif Muna
Trog
Uskayaw
Vehumet
Wu Jian
Xom
Yredelemnul
Zin
The Shining One
Beogh
Jiyva
Lugonu


Innate Abilities, Weirdness & Mutations

You are too large for most types of armour.
You have claws for hands.
Your natural rate of healing is unusually fast.
You are covered in fur. (AC +1)
You have tough skin. (AC +1)


Message History

The vampire mosquito is severely damaged.
The vampire mosquito barely misses you.
You miss the vampire mosquito.
The vampire mosquito is severely damaged.
The vampire mosquito barely misses you. The vampire mosquito bites you.
The vampire mosquito draws strength from your injuries!
The wraith is distracted by your dazzling golden aura.
You scratch the vampire mosquito.
The vampire mosquito is almost destroyed.
The vampire mosquito is distracted by your dazzling golden aura.
You strike the helpless vampire mosquito from behind!
You mangle the vampire mosquito!!
You destroy the vampire mosquito!
Your Dodging skill increases to level 5!
Your Unarmed Combat skill increases to level 12!
You have reached level 7!
You scratch the two-headed ogre.
The two-headed ogre is lightly wounded.
The two-headed ogre closely misses you.
The two-headed ogre hits you with a +0 giant club!!
You barely miss the two-headed ogre.
The two-headed ogre is lightly wounded.
You claw the two-headed ogre!
The two-headed ogre is moderately wounded.
The wraith is no longer distracted by gold.
The two-headed ogre hits you with a +0 giant spiked club!
The two-headed ogre misses you.
You barely miss the two-headed ogre.
The two-headed ogre is moderately wounded.
The two-headed ogre barely misses you.
The two-headed ogre hits you with a +0 giant club!
* * * LOW HITPOINT WARNING * * *
You claw the two-headed ogre!
The two-headed ogre is heavily wounded.
You claw the two-headed ogre!
The two-headed ogre is severely wounded.
The two-headed ogre barely misses you.
The two-headed ogre hits you with a +0 giant club!!
You die...
Your body crumbles into a pile of gold.

$
▓.▓
▓.▓
$
▓'▓
▓.▓
$ $
▓)▓
$
▓.▓
$ $
▓.▓
$
▓.▓
$
▓@▓
▓O▓
▓B▓
▓W▓
▓.▓
▓B▓
▓.▓
▓.▓


You could see 2 boulder beetles, a two-headed ogre and a wraith.

Vanquished Creatures
  A wraith (D)
  A yak (D)
  A vampire mosquito (D)
  An acid dragon (D)
  A howler monkey (D)
  An orc wizard (D)
  An adder (D)
  An adder zombie (D)
  An orc (D)
  A bat zombie (D)
  A goblin (D)
  A hobgoblin (D)
  A jackal (D)
  A ball python (D)
  A ball python zombie (D)
  A bat (D)
  A jackal skeleton (D)
  A jackal zombie (D)
18 creatures vanquished.

Notes
Turn   | Place    | Note
-------+----------+-------------------------------------------
     0 | D        | nicanaca0 the Troll Monk began the quest for the Orb.
     0 | D        | Reached XP level 1. HP: 22/22 MP: 0/0
    14 | D        | Reached skill level 4 in Unarmed Combat
    19 | D        | Noticed a howler monkey
    23 | D        | Reached skill level 5 in Unarmed Combat
    23 | D        | Reached XP level 2. HP: 27/31 MP: 1/1
    40 | D        | Killed a howler monkey
    41 | D        | Reached skill level 6 in Unarmed Combat
    41 | D        | Reached XP level 3. HP: 22/39 MP: 2/2
    49 | D        | Found a snail-covered altar of Cheibriados.
    49 | D        | Found a shadowy altar of Dithmenos.
    49 | D        | Found a white marble altar of Elyvilon.
    49 | D        | Found a blossoming altar of Fedhas.
    49 | D        | Found an opulent altar of Gozag.
    50 | D        | Found a hazy altar of Hepliaklqana.
    51 | D        | Found a viscous altar of Jiyva.
    52 | D        | Found an ancient bone altar of Kikubaaqudgha.
    53 | D        | Found a corrupted altar of Lugonu.
    54 | D        | Found a burning altar of Makhleb.
    55 | D        | Found a sparkling altar of Nemelex Xobeh.
    56 | D        | Found an iron altar of Okawaru.
    57 | D        | Found a stormy altar of Qazlal.
    58 | D        | Found a sacrificial altar of Ru.
    59 | D        | Found a shimmering blue altar of Sif Muna.
    60 | D        | Found a bloodstained altar of Trog.
    61 | D        | Found a hide-covered altar of Uskayaw.
    67 | D        | Became a worshipper of Gozag Ym Sagoz the Greedy
    73 | D        | Found a radiant altar of Vehumet.
    74 | D        | Found an ornate altar of the Wu Jian Council.
    75 | D        | Found a shimmering altar of Xom.
    76 | D        | Found a basalt altar of Yredelemnul.
    77 | D        | Found a glowing silver altar of Zin.
    78 | D        | Found a glowing golden altar of the Shining One.
   104 | D        | Noticed an acid dragon
   104 | D        | Noticed a yak
   112 | D        | Killed an acid dragon
   113 | D        | Reached skill level 5 in Fighting
   113 | D        | Reached skill level 9 in Unarmed Combat
   113 | D        | Reached XP level 4. HP: 26/52 MP: 3/3
   113 | D        | Reached XP level 5. HP: 30/59 MP: 4/4
   123 | D        | Killed a yak
   124 | D        | Reached skill level 10 in Unarmed Combat
   124 | D        | Reached XP level 6. HP: 30/68 MP: 5/5
   177 | D        | Noticed a wraith
   177 | D        | Noticed a vampire mosquito
   177 | D        | Noticed a two-headed ogre
   177 | D        | Noticed a wraith
   177 | D        | Noticed a boulder beetle
   177 | D        | Noticed a boulder beetle
   187 | D        | Killed a wraith
   188 | D        | Reached skill level 11 in Unarmed Combat
   195 | D        | Killed a vampire mosquito
   196 | D        | Reached skill level 5 in Dodging
   196 | D        | Reached skill level 12 in Unarmed Combat
   196 | D        | Reached XP level 7. HP: 70/78 MP: 6/6
   201 | D        | Slain by a two-headed ogre

Illustrated notes

Levels and vault maps discovered:
D:        linesprint [early_d, line_temple, items_1, d_10, items_2, lair_1,
          lair_end, items_3, orc_1, orc_end, items_4, d_15, swamp_1, shoals_1,
          snake_1, spider_1, d_20, vaults_1, items_5, swamp_end, shoals_end,
          snake_end, spider_end, vaults_end, d_27, items_6, zot_1, zot_end,
          crypt_end, forest_end, elf_end, slime_end, tomb_end, abyss_end,
          pan_hell_end]

Skill      XL: |  1  2  3  4  5  6 |
---------------+-------------------+-----
Unarmed Combat | 5 6 9 10 12 | 12.0
Fighting       | 3 4 5 6 7 |  7.5
Dodging        | 4 5 |  5.2
Stealth        | |  1.0

Action                   |  1- 3 |  4- 6 |  7- 9 || total
-------------------------+-------+-------+-------++-------
Melee: Unarmed           |    38 |    27 |     6 ||    71
       Punch             |       |     1 |       ||     1
  Use: Potion            |       |     2 |       ||     2
 Stab: Distracted        |     1 |       |       ||     1
       Invisible         |       |     1 |       ||     1
Armor: Robe              |     7 |     4 |       ||    11
Dodge: Dodged            |    11 |    14 |     4 ||    29

Table legend: (Time is in decaauts)
 A = Elapsed time spent in this place.
 B = Non-inter-level travel time spent in this place.
 C = Inter-level travel time spent in this place.
 D = Time resting spent in this place.
 E = Time spent auto-exploring this place.
 F = Levels seen in this place.
 G = Mean time per level.
                   A        B        C        D        E       F      G
               +--------+--------+--------+--------+--------+-----+--------+
         Total |    192 |    192 |      0 |     19 |     27 |   1 |  192.0 |
       Dungeon |    192 |    192 |      0 |     19 |     27 |   1 |  192.0 |
               +--------+--------+--------+--------+--------+-----+--------+

Top non-repeatable levels by time:
       D: 192 daAuts
